 Dungeon Crawl Stone Soup version 0.30-a0-141-g30f27751c5 (webtiles) character file.

Game seed: 11275861449184163971

31 qw the Shield-Bearer (level 3, -3/23 HPs)
             Began as a Gargoyle Fighter on Sept 25, 2022.
             Slain by a worm (8 damage)
             ... on level 2 of the Dungeon.
             The game lasted 00:00:23 (1060 turns).

qw the Shield-Bearer (Gargoyle Fighter)             Turns: 1060, Time: 00:00:23

Health: -3/23      AC: 12    Str: 21    XL:     3   Next: 22%
Magic:  3/3        EV:  7    Int:  8    God:
Gold:   89         SH:  4    Dex:  9    Spells: 2/2 levels left

rFire   . . .      SeeInvis .    Y - +0 war axe
rCold   . . .      Faith    .    c - +0 buckler
rNeg    + . .      Spirit   .    m - +0 chain mail
rPois   inf        Reflect  .    (no helmet)
rElec   +          Harm     .    (no cloak)
rCorr   .          Rampage  .    (no gloves)
Will    .....                    (no boots)
Stlth   ..........               (no amulet)
HPRegen 0.07/turn                (no ring)
MPRegen 0.08/turn                (no ring)

@: about to teleport
A: sickness immunity, AC +3, negative energy resistance 1, electricity
resistance, torment resistance 1, petrification resistance
a: no special abilities


You were on level 2 of the Dungeon.
You visited 1 branch of the dungeon, and saw 2 of its levels.

You collected 89 gold pieces.


Innate Abilities, Weirdness & Mutations

You are immune to sickness and miasma.
Your stone body is resilient. (AC +3)
You are immune to poison.
You resist negative energy. (rN+)
You are resistant to electric shocks. (rElec)
You are resistant to unholy torment.
You are immune to petrification.


   Skills:
 - Level 3.2 Fighting
 + Level 3.2 Axes
 - Level 3.2 Armour
 - Level 3.2 Shields


You had 2 spell levels left.
You didn't know any spells.
Your spell library was empty.

Inventory:

Hand Weapons
 k - a +0 whip
 Y - a +0 war axe (weapon)
Armour
 c - a +0 buckler (worn)
 m - a +0 chain mail (worn)
Scrolls
 b - a scroll of enchant armour {unknown}
 f - a scroll of identify {unknown}
 i - a scroll of noise {unknown}
Potions
 a - a potion of flight {unknown}
 d - a potion of might
 g - a potion of attraction {unknown}
 h - a potion of heal wounds {unknown}

Dungeon Overview and Level Annotations

Branches:
Dungeon (2/15)

Altars:

Shops:
D:1 =


Message History

You kill the kobold!
The ball python bites you but does no damage.
The ball python grabs you. The ball python constricts you.
You slash the ball python!
You kill the ball python!
You hit the worm. The worm closely misses you.
You hit the worm.
The worm is heavily wounded.
The worm bites you.
You hit the worm but do no damage.
The worm is heavily wounded.
You block the worm's attack.
You hit the worm.
The worm is severely wounded.
You barely miss the worm.
The worm is severely wounded.
The worm bites you but does no damage.
You hit the worm but do no damage.
The worm is severely wounded.
The worm bites you.
You barely miss the worm.
The worm is severely wounded.
The worm bites you but does no damage.
You barely miss the worm.
The worm is severely wounded.
The worm bites you.
You barely miss the worm.
The worm is heavily wounded.
The worm bites you but does no damage.
You hit the worm.
The worm is severely wounded.
The worm bites you.
1059 ||| READING scroll of teleportation.
As you read the scroll of teleportation, it crumbles to dust.
You feel strangely unstable.
You barely miss the worm.
The worm is severely wounded.
The worm bites you!
You die...

#.# #.# . #.#
##.. #.##(.
#..). #..#
#####>w#
#.<..@.#
#.####.# #.#
#.# #.# #.#
#.# #.####.#
#.# ##......
#.###...#####
#.........)..
.....
#####...#####
#....


You could see a worm.

Vanquished Creatures
  A gnoll (D:1)
  A ball python (D:2)
  5 bats
  2 endoplasms (D:1)
  3 giant cockroaches
  2 goblins
  2 hobgoblins
  2 kobolds
  A rat (D:1)
19 creatures vanquished.

Notes
Turn   | Place    | Note
-------+----------+-------------------------------------------
     0 | D:1      | qw the Gargoyle Fighter began the quest for the Orb.
     0 | D:1      | Reached XP level 1. HP: 14/14 MP: 1/1
     0 | D:1      | 0 ||| qw: Version: 0.2-a-10-g399e6c4
     0 | D:1      | 0 ||| qw: Game counter: 365
     0 | D:1      | 0 ||| qw: Always use a shield: true
     0 | D:1      | 0 ||| qw: God list: Okawaru
     0 | D:1      | 0 ||| qw: Allow faded altars: false
     0 | D:1      | 0 ||| qw: Do Orc after D:15 true
     0 | D:1      | 0 ||| qw: Do second Lair branch before Depths: true
     0 | D:1      | 0 ||| qw: Lair rune preference: random
     0 | D:1      | 0 ||| qw: Plans: Normal, Zot:1-4, God:TSO, Crypt, Tomb,
                  | Pan, Slime:5, Hells, Abyss, Orb
     0 | D:1      | 0 ||| PLANNING D:1-11
   197 | D:1      | Reached XP level 2. HP: 19/19 MP: 2/2
   316 | D:1      | Found a faded altar of an unknown god.
   320 | D:1      | 320 ||| Stepping ~*~*~tactically~*~*~ (stealth).
   531 | D:1      | Reached skill level 3 in Axes
   549 | D:1      | Found Nuymibos's Jewellery Emporium.
   555 | D:1      | 555 ||| SHOPLISTING +6 ring of dexterity (360 gold, have
                  | 47).
   555 | D:1      | 555 ||| SHOPLISTING ring of fire (250 gold, have 47).
   555 | D:1      | 555 ||| SHOPLISTING ring of ice (250 gold, have 47).
   706 | D:1      | 706 ||| UPGRADING to +0 chain mail.
   716 | D:1      | 716 ||| DROPPING +0 scale mail.
   717 | D:1      | 717 ||| READING scroll labelled GON XOCLIFOUNG.
   718 | D:1      | 718 ||| READING scroll labelled OJONGAICWO.
   723 | D:1      | 723 ||| READING 2 scrolls labelled AHITIUN EQIW.
   724 | D:1      | 724 ||| READING scroll labelled PALIWE IKOTETS.
   725 | D:1      | 725 ||| READING scroll labelled MECHOH ODWU.
   726 | D:1      | 726 ||| READING scroll labelled BAUKUTWECI.
   727 | D:1      | 727 ||| DROPPING scroll of immolation.
   770 | D:2      | Reached XP level 3. HP: 23/23 MP: 3/3
  1041 | D:2      | 1041 ||| Stepping ~*~*~tactically~*~*~ (stealth).
  1058 | D:2      | HP: 5/23 [worm (6)]
  1059 | D:2      | 1059 ||| READING scroll of teleportation.
  1060 | D:2      | Slain by a worm

Levels and vault maps discovered:
D:1:      nicolae_arrival_memento_mori, layout_rooms, serial_shops, shop,
          ebering_ecumenical_altar_rust
D:2:      layout_loops_ring, kennysheep_generic_room_15, uniq_natasha

Skill      XL: |  1  2 |
---------------+-------+-----
Axes           | 2 3 |  3.2
Fighting       | |  3.2
Armour         | |  3.2
Shields        | |  3.2

Action                   || total
-------------------------++-------
Melee: War axe           ||    62
  Use: Scroll            ||     7
Armor: Scale mail        ||    13
       Chain mail        ||    20
Dodge: Dodged            ||    18
Block: Buckler           ||     3

Table legend:
 A = Non-vault XP
 B = Vault XP
 C = Vault XP percentage of total XP
 D = Non-vault monster count
 E = Vault monster count
 F = Vault count percentage of total count
                 A         B        C        D         E       F
            +---------+---------+-------+---------+---------+-------
      Total |      45 |       0 |   0.0 |      19 |       0 |   0.0
            +---------+---------+-------+---------+---------+-------
        D:1 |      32 |       0 |   0.0 |      11 |       0 |   0.0
        D:2 |      13 |       0 |   0.0 |       8 |       0 |   0.0
            +---------+---------+-------+---------+---------+-------
